 Dungeon Crawl Stone Soup version 0.25-a0-589-g1e14c549ee (webtiles) character file.

Game seed: 14387643658033026431, levelgen mode: deterministic

284 Esekla the Ducker (level 6, -7/30 HPs)
             Began as a Spriggan Artificer on Mar 10, 2020.
             Was an Initiate of Gozag.
             Killed by nerve-wracking pain
             ... invoked by Grinder
              (9 damage)
             ... while paralysed by Grinder
             ... on level 2 of the Dungeon.
             The game lasted 00:31:27 (5256 turns).

Esekla the Ducker (Spriggan Artificer)              Turns: 5256, Time: 00:31:28

Health: -7/30      AC:  3    Str:  8    XL:     6   Next: 7%
Magic:  4/10       EV:  4    Int: 14    God:    Gozag
Gold:   310        SH:  0    Dex: 17    Spells: 4/7 levels left

rFire    . . .     SeeInvis +   a - +1 short sword
rCold    + . .     Gourm    .   (shield restricted)
rNeg     . . .     Faith    .   b - +1 robe
rPois    +         Spirit   .   (helmet restricted)
rElec    .         Reflect  .   (no cloak)
rCorr    .         Harm     .   (gloves unavailable)
MR       +....                  (boots unavailable)
Stlth    ++........             (no amulet)
HPRegen  0.10/turn              (no ring)
MPRegen  0.12/turn              (no ring)

@: paralysed, very quick
A: very small, unfitting armour, see invisible, cold resistance 1, herbivore,
speed 3, poison resistance, slow metabolism 2, evolution 1
a: Potion Petition, Call Merchant, Bribe Branch, Renounce Religion


You were on level 2 of the Dungeon.
You worshipped Gozag.
Gozag was aware of your devotion.
You were not hungry.

You visited 1 branch of the dungeon, and saw 4 of its levels.

You collected 366 gold pieces.
You paid 56 gold pieces to Gozag.

Inventory:

Hand Weapons
 a - a +1 short sword (weapon)
 d - a +2 trident of venom
Armour
 b - a +1 robe (worn)
Wands
 c - a wand of flame (15)
 e - a wand of random effects (12)
Scrolls
 j - a scroll of enchant armour
 k - 2 scrolls of teleportation
 p - a scroll of enchant weapon
Potions
 g - 2 potions of heal wounds
 h - a potion of stabbing
 l - 2 potions of berserk rage {unknown}
 m - a potion of haste {unknown}
 o - a potion of mutation
 r - a potion of degeneration {unknown}
 t - a potion of might {unknown}
Comestibles
 f - 8 rations


   Skills:
 - Level 1.0 Fighting
 * Level 4.5 Short Blades
 * Level 5.5 Dodging
 + Level 2.8 Stealth
 * Level 1.4 Spellcasting
 * Level 0.6 Conjurations
 * Level 1.2 Hexes
 - Level 4.0 Evocations


You had 4 spell levels left.
You knew the following spells:

 Your Spells              Type           Power        Failure   Level  Hunger
a - Dazzling Flash        Conj/Hex       #.....       45%         3    ####...

Your spell library contained the following spells:

 Spells                   Type           Power        Failure   Level  Hunger
 Corona                   Hex            #......      16%         1    ##.....
 Ensorcelled Hibernation  Hex/Ice        #.....       30%         2    ###....
 Confusing Touch          Hex            #.......     41%         3    ####...
 Tukima's Dance           Hex            #.......     41%         3    ####...


Dungeon Overview and Level Annotations

Branches:
Dungeon (4/15)
 Temple: D:4-7

Altars:
Dithmenos
Gozag
Okawaru
Ru

Annotations:
D:2 Grinder


Innate Abilities, Weirdness & Mutations

You are very small and have problems with some larger weapons.
You are too small for most types of armour.
You have supernaturally acute eyesight. (SInv)
You are a herbivore.
You cover ground extremely quickly.
You need to consume almost no food.
Your flesh is cold resistant. (rC+)
Your system is resistant to poisons. (rPois)
You evolve.


Message History

Confirm with . or Enter, or press ? or * to list all spells.
Grinder barely misses you.
You climb upwards.
Your magical contamination has completely faded away.
There is a stone staircase leading down here.
Grinder gestures at you.
You suddenly lose the ability to move!
Grinder gestures at you. You resist with significant effort.
Grinder barely misses you. Grinder hits you!
You writhe in agony.
Grinder hits you.
* * * LOW HITPOINT WARNING * * *
Grinder gestures at you. Pain shoots through your body!
* * * LOW HITPOINT WARNING * * *
Grinder gestures at you. Pain shoots through your body!
You die...
Your body crumbles into a pile of gold.

##≈.#≈.≈#♣####...P≈≈≈♣)♣#
#..###............♣≈≈♣P#
######.##
#.#######.P..≈≈≈..#
.......# #.# #......♣♣.#
###'#### #.# #..#♣....##
#≈≈≈≈≈# ###.### #..#.....#
#≈≈≈≈≈# #.....# #....P..##
#≈≈≈≈≈###.....#####..#...##
#≈≈≈≈≈#.........@5...#####
###'###.......#####.##
##...###......# #.#
............### #.#
##.#.###.#### #<# ##)#.#
#.##########.# ..>..#
#..<).......># ######
##############


You could see Grinder.

Vanquished Creatures
  An ogre (D:2)
  A bullfrog skeleton (D:4)
  An orc priest (D:2)
  A centaur skeleton (D:4)
  Terence (D:2)
  Robin (D:2)
  An adder (D:2)
  A shadow imp (D:3)
  An ooze (D:2)
  A worm (D:2)
  A dart slug (D:2)
  7 orcs
  7 giant cockroaches
  7 goblins
  5 hobgoblins
  A kobold (D:3)
  A quokka (D:2)
  7 bats
  2 frilled lizards (D:2)
  4 rats
52 creatures vanquished.

Vanquished Creatures (others)
  A bat (D:1)
1 creature vanquished.

Grand Total: 53 creatures vanquished

Notes
Turn   | Place    | Note
-------+----------+-------------------------------------------
     0 | D:1      | Esekla the Spriggan Artificer began the quest for the Orb.
     0 | D:1      | Reached XP level 1. HP: 9/9 MP: 4/4
   176 | D:2      | Reached skill level 1 in Fighting
   233 | D:2      | Reached XP level 2. HP: 14/14 MP: 6/6
   273 | D:2      | Noticed Terence
   587 | D:1      | Reached skill level 4 in Dodging
  1134 | D:1      | Gained mutation: Your flesh is cold resistant. (rC+)
                  | [potion of mutation]
  1134 | D:1      | Gained mutation: You evolve. [potion of mutation]
  1134 | D:1      | Gained mutation: Your system is resistant to poisons.
                  | (rPois) [potion of mutation]
  1236 | D:2      | Found a shadowy altar of Dithmenos.
  1265 | D:2      | Noticed Robin
  2279 | D:2      | Reached XP level 3. HP: 9/18 MP: 7/7
  2515 | D:3      | Found an opulent altar of Gozag.
  2518 | D:3      | Became a worshipper of Gozag Ym Sagoz the Greedy
  2737 | D:3      | Noticed an ogre
  3417 | D:2      | Reached XP level 4. HP: 21/22 MP: 8/8
  3509 | D:3      | Found a sacrificial altar of Ru.
  3559 | D:3      | Found an iron altar of Okawaru.
  3581 | D:3      | Noticed Grinder
  3651 | D:4      | Learned a level 3 spell: Dazzling Flash
  3812 | D:4      | Reached skill level 5 in Dodging
  4061 | D:4      | Noticed an ogre
  4131 | D:4      | Reached XP level 5. HP: 18/25 MP: 9/9
  4507 | D:2      | Killed Robin
  4884 | D:2      | Killed Terence
  5081 | D:2      | Killed an ogre
  5081 | D:2      | Reached skill level 1 in Spellcasting
  5081 | D:2      | Reached skill level 1 in Hexes
  5081 | D:2      | Reached XP level 6. HP: 30/30 MP: 0/10
  5220 | D:3      | Paralysed by Grinder for 6 turns
  5249 | D:2      | Paralysed by Grinder for 7 turns
  5256 | D:2      | Killed from afar by Grinder

Levels and vault maps discovered:
D:1:      dpeg_arrival_round_a, layout_rooms, lemuel_flame_loot_1
D:2:      layout_loops_ring, nicolae_overflow_crystal_walls, serial_rivers,
          chequers_serial_rivers_micro_a, chequers_serial_rivers_room_a,
          chequers_serial_rivers_room_a, chequers_serial_rivers_room_b,
          chequers_serial_rivers_room_b, chequers_serial_rivers_marsh,
          serial_bayou_pond_a, uniq_terence, uniq_robin
D:3:      layout_basic, nicolae_ru_awakened_eye, overflow_temple_1_default,
          okawaru_ov_weapons_minmay, uniq_grinder
D:4:      minmay_chambers_of_threes, layout_basic, old_standard_altar,
          marbit_many_paths, minmay_goblin_kobold_house, uniq_menkaure

Skill      XL: |  1  2  3  4  5 |
---------------+----------------+-----
Fighting       | 1 |  1.0
Dodging        | 4 5 |  5.5
Short Blades   | 2 3 4 |  4.5
Stealth        | 2 |  2.8
Spellcasting   | 1 |  1.4
Hexes          | 1 |  1.2
Conjurations   | |  0.6
Evocations     | |  4.0

Action                   |  1- 3 |  4- 6 || total
-------------------------+-------+-------++-------
Melee: Short sword       |   167 |   127 ||   294
 Cast: Dazzling Flash    |       |     3 ||     3
Evoke: Wand              |       |     3 ||     3
  Use: Scroll            |     8 |       ||     8
       Potion            |     1 |       ||     1
 Stab: Sleeping          |     3 |     1 ||     4
       Distracted        |     1 |     2 ||     3
       Invisible         |       |     4 ||     4
       Paralysed         |       |     1 ||     1
  Eat: Ration            |       |     2 ||     2
Armor: Robe              |    13 |     6 ||    19
Dodge: Dodged            |   127 |    97 ||   224

Table legend:
 A = Non-vault XP
 B = Vault XP
 C = Vault XP percentage of total XP
 D = Non-vault monster count
 E = Vault monster count
 F = Vault count percentage of total count
                 A         B        C        D         E       F
            +---------+---------+-------+---------+---------+-------
      Total |     300 |     107 |  26.3 |      42 |      10 |  19.2
            +---------+---------+-------+---------+---------+-------
        D:1 |      15 |       3 |  16.7 |      10 |       2 |  16.7
        D:2 |     208 |      58 |  21.8 |      18 |       6 |  25.0
        D:3 |      31 |       0 |   0.0 |      10 |       0 |   0.0
        D:4 |      46 |      46 |  50.0 |       4 |       2 |  33.3
            +---------+---------+-------+---------+---------+-------
